 Dungeon Crawl Stone Soup version 0.25-a0-583-g696c2ac64d (webtiles) character file.

Game seed: 7971428360704407922, levelgen mode: deterministic

1338 Kohma the Insei (level 8, -4/72 HPs)
             Began as a Gnoll Transmuter on Mar 8, 2020.
             Was an Initiate of Nemelex Xobeh.
             Slain by a gnoll
             ... wielding a +1 halberd of pain
              (14 damage)
             ... on level 4 of the Dungeon.
             The game lasted 00:13:59 (4326 turns).

Kohma the Insei (Gnoll Transmuter)                  Turns: 4326, Time: 00:13:59

Health: -4/72      AC:  6    Str: 13    XL:     8   Next: 61%
Magic:  13/17      EV: 13    Int: 17    God:    Nemelex Xobeh [......]
Gold:   225        SH:  0    Dex: 16    Spells: 10/19 levels left

rFire    x . .     SeeInvis .     - Unarmed
rCold    + + +     Gourm    .   (shield currently unavailable)
rNeg     . . .     Faith    .   (armour currently unavailable)
rPois    +         Spirit   .   (helmet currently unavailable)
rElec    .         Reflect  .   (cloak currently unavailable)
rCorr    .         Harm     .   (gloves currently unavailable)
MR       .....                  (boots currently unavailable)
Stlth    ++........             (no amulet)
HPRegen  0.22/turn              (no ring)
MPRegen  0.15/turn              (no ring)

@: brilliant, ice-form (expiring)
A: large, distributed training, strong nose
a: End Transformation, Draw Escape, Draw Destruction, Draw Summoning, Renounce
Religion


You were on level 4 of the Dungeon.
You worshipped Nemelex Xobeh.
Nemelex Xobeh was noncommittal.
You were hungry.
You were a creature of crystalline ice.
You visited 1 branch of the dungeon, and saw 4 of its levels.
You also visited: Sewer.

You collected 225 gold pieces.

Inventory:

Hand Weapons
 v - a +2 whip of electrocution
Missiles
 a - 105 arrows
 m - 36 sling bullets
 r - 3 throwing nets (quivered)
 u - 31 poisoned darts
Armour
 c - a +0 kite shield
 n - a +0 helmet (melded)
 t - a +0 pair of boots (melded)
 z - a +0 robe of cold resistance
 D - a +0 robe of magic resistance (melded)
Wands
 y - a wand of random effects (21)
Scrolls
 f - 2 scrolls of identify
 g - a scroll of amnesia
 i - 3 scrolls of fog
 k - 2 scrolls of remove curse
 l - a scroll of fear
 A - 3 scrolls of teleportation
Potions
 e - 4 potions of curing
 h - a potion of berserk rage {unknown}
 j - 2 potions of cancellation
 o - 6 potions of flight
 p - 2 potions of heal wounds
 q - a potion of resistance
 s - a potion of magic
 w - 2 potions of brilliance
 x - 2 potions of might {unknown}
 B - a potion of stabbing {unknown}
Comestibles
 b - a chunk of flesh
 d - 9 rations


   Skills:
 + Level 4.3 Fighting
 + Level 3.3 Short Blades
 + Level 3.3 Long Blades
 + Level 3.3 Axes
 + Level 3.3 Maces & Flails
 + Level 3.3 Polearms
 + Level 3.3 Staves
 + Level 3.3 Slings
 + Level 3.3 Bows
 + Level 3.3 Crossbows
 + Level 3.3 Throwing
 + Level 3.3 Armour
 + Level 5.7 Dodging
 + Level 3.3 Stealth
 + Level 3.3 Shields
 + Level 7.4 Unarmed Combat
 + Level 6.1 Spellcasting
 + Level 2.7 Conjurations
 + Level 2.7 Hexes
 + Level 2.7 Charms
 + Level 2.7 Summonings
 + Level 2.7 Necromancy
 + Level 2.7 Translocations
 + Level 4.7 Transmutations
 + Level 2.7 Fire Magic
 + Level 2.7 Ice Magic
 + Level 2.7 Air Magic
 + Level 2.7 Earth Magic
 + Level 2.7 Poison Magic
 + Level 3.7 Invocations
 + Level 3.3 Evocations


You had 10 spell levels left.
You knew the following spells:

 Your Spells              Type           Power        Failure   Level  Hunger
a - Spider Form           Tmut/Pois      ####......   9%          3    None
b - Sticks to Snakes      Tmut           ####....     2%          2    None
c - Ice Form              Ice/Tmut       ####....     26%         4    None

Your spell library contained the following spells:

 Spells                   Type           Power        Failure   Level  Hunger
 Beastly Appendage        Tmut           ####..       1%          1    None
 Blade Hands              Tmut           ####......   45%         5    None


Dungeon Overview and Level Annotations

Branches:
Dungeon (4/15)              Sewer (visited)
 Temple: D:4-7

Altars:
Nemelex Xobeh

Annotations:
D:4 1 transporter, dracos369's ghost, novice MfSk


Innate Abilities, Weirdness & Mutations

Your experience applies equally to all skills.
((You have very sharp teeth.))
Your uncanny sense of smell can sniff out nearby items.


Message History

Your transformation is almost over.
The gnoll completely misses you. Dracos369's ghost barely misses you.
Dracos369's ghost's shroud bends your attack away.
The gnoll hits you from afar with a +1 halberd of pain.
* * * LOW HITPOINT WARNING * * *
You barely miss dracos369's ghost.
Dracos369's ghost is almost destroyed.
Dracos369's ghost hits you but does no damage.
You hit dracos369's ghost but do no damage.
Dracos369's ghost is almost destroyed.
Dracos369's ghost hits you!
* * * LOW HITPOINT WARNING * * *
The gnoll barely misses you.
You closely miss dracos369's ghost.
Dracos369's ghost is almost destroyed.
Dracos369's ghost barely misses you. The gnoll misses you.
You feel better. Dracos369's ghost misses you.
The gnoll hits you from afar with a +1 halberd of pain!
You die...
Your body disappears without a glow.

######################
#########....................#
#............................#
##.≈≈≈≈≈≈≈≈≈≈≈≈≈≈≈≈≈≈≈≈≈≈≈≈≈..#
#.?≈≈≈≈≈≈≈≈≈≈≈≈≈≈≈≈≈≈≈≈≈≈≈≈≈..##
##..≈≈#####...........#####≈≈....
....≈≈#...#.###.©.###.#...#≈≈....
###.≈≈#...###.#####.###...#≈≈....
#.≈≈###..^.ggWY.......###≈≈....
###.≈≈.8#.##'###)######.#8.≈≈....
....≈≈.##.#P..#.?8#".$#.##.≈≈....
....≈≈.#S.'g.)†.©⌠#:.$'..#.≈≈....
....≈≈.##.#...#.$8#W.$#.##.≈≈....
....≈≈.8#.##)###)######.#8.≈≈....
....≈≈###...............###≈≈....
....≈≈#..)###©#####.###..g#≈≈....
....≈≈#...#.###.©.###.#g..#≈≈....


You could see dracos369's ghost and 2 gnolls.

Vanquished Creatures
  Pikel (D:4)
  Sigmund (D:3)
  A phantom (D:4)
  4 slaves (D:4)
  2 big kobolds (Sewer)
  3 scorpions (D:4)
  An orc priest (D:4)
  A bullfrog skeleton (D:4)
  An orc wizard (D:4)
  An iguana (D:4)
  4 gnolls (D:4)
  6 adders
  3 oozes
  3 adder skeletons (D:4)
  A worm (D:3)
  4 dart slugs
  A leopard gecko (D:2)
  20 orcs
  5 ball pythons
  10 bats
  A giant cockroach (D:2)
  9 goblins
  9 hobgoblins
  4 jackals (D:1)
  23 kobolds
  A quokka (D:2)
  3 frilled lizards
  A jackal skeleton (D:4)
  A quokka skeleton (D:4)
  11 rats
136 creatures vanquished.

Vanquished Creatures (collateral kills)
  2 gnolls (D:4)
2 creatures vanquished.

Vanquished Creatures (others)
  5 plants (D:4)
5 creatures vanquished.

Grand Total: 143 creatures vanquished

Notes
Turn   | Place    | Note
-------+----------+-------------------------------------------
     0 | D:1      | Kohma the Gnoll Transmuter began the quest for the Orb.
     0 | D:1      | Reached XP level 1. HP: 17/17 MP: 6/6
    87 | D:1      | Reached XP level 2. HP: 12/23 MP: 7/7
   243 | D:1      | Learned a level 2 spell: Sticks to Snakes
   496 | D:1      | Reached XP level 3. HP: 27/28 MP: 9/9
   503 | D:1      | Reached skill level 5 in Spellcasting
   848 | D:2      | Reached skill level 1 in Invocations
  1203 | D:2      | Reached skill level 1 in Short Blades
  1203 | D:2      | Reached skill level 1 in Long Blades
  1203 | D:2      | Reached skill level 1 in Axes
  1203 | D:2      | Reached skill level 1 in Maces & Flails
  1203 | D:2      | Reached skill level 1 in Polearms
  1203 | D:2      | Reached skill level 1 in Staves
  1203 | D:2      | Reached skill level 1 in Slings
  1203 | D:2      | Reached skill level 1 in Bows
  1203 | D:2      | Reached skill level 1 in Crossbows
  1203 | D:2      | Reached skill level 1 in Throwing
  1203 | D:2      | Reached skill level 1 in Armour
  1203 | D:2      | Reached skill level 1 in Stealth
  1203 | D:2      | Reached skill level 1 in Shields
  1203 | D:2      | Reached skill level 1 in Evocations
  1300 | D:2      | Reached XP level 4. HP: 27/34 MP: 11/11
  1596 | D:3      | Learned a level 3 spell: Spider Form
  1601 | D:3      | Learned a level 4 spell: Ice Form
  1703 | D:3      | Found a glowing drain.
  1851 | Sewer    | Entered a sewer
  1960 | Sewer    | Noticed a big kobold
  1969 | Sewer    | Killed a big kobold
  1969 | Sewer    | Reached skill level 1 in Conjurations
  1969 | Sewer    | Reached skill level 1 in Hexes
  1969 | Sewer    | Reached skill level 1 in Charms
  1969 | Sewer    | Reached skill level 1 in Summonings
  1969 | Sewer    | Reached skill level 1 in Necromancy
  1969 | Sewer    | Reached skill level 1 in Translocations
  1969 | Sewer    | Reached skill level 1 in Fire Magic
  1969 | Sewer    | Reached skill level 1 in Ice Magic
  1969 | Sewer    | Reached skill level 1 in Air Magic
  1969 | Sewer    | Reached skill level 1 in Earth Magic
  1969 | Sewer    | Reached skill level 1 in Poison Magic
  1969 | Sewer    | Reached XP level 5. HP: 22/40 MP: 8/12
  2098 | Sewer    | Noticed a big kobold
  2111 | Sewer    | Killed a big kobold
  2111 | Sewer    | Reached XP level 6. HP: 32/47 MP: 10/13
  2275 | D:3      | Noticed Sigmund
  2295 | D:3      | Killed Sigmund
  2295 | D:3      | Reached skill level 5 in Dodging
  2505 | D:3      | Found a sparkling altar of Nemelex Xobeh.
  2509 | D:3      | Became a worshipper of Nemelex Xobeh the Trickster
  2733 | D:3      | Reached XP level 7. HP: 44/52 MP: 15/15
  3041 | D:4      | Noticed Pikel
  3057 | D:4      | Reached skill level 7 in Unarmed Combat
  3127 | D:4      | Killed Pikel
  3127 | D:4      | Reached XP level 8. HP: 7/60 MP: 10/16
  3286 | D:4      | Found a transporter.
  3287 | D:4      | Found a transporter.
  3410 | D:4      | Noticed dracos369's ghost (novice MfSk)
  3608 | D:4      | Received a gift from Nemelex Xobeh
  4326 | D:4      | Slain by a gnoll

Levels and vault maps discovered:
D:1:      nagdon_arrival_double_spiral, layout_loops_ring,
          minmay_misc_feat_diagonals
D:2:      layout_rooms, feat_on_display
D:3:      layout_basic, cheibrodos_sewer_entry_sluice,
          nemelex_dance_club_becter, uniq_sigmund
D:4:      layout_basic, gammafunk_ghost_gnarly_gnolls, uniq_pikel

Skill      XL: |  1  2  3  4  5  6  7  8 |
---------------+-------------------------+-----
Spellcasting   | 5 6 |  6.1
Invocations    | 1 2 3 |  3.7
Short Blades   | 1 2 3 |  3.3
Long Blades    | 1 2 3 |  3.3
Axes           | 1 2 3 |  3.3
Maces & Flails | 1 2 3 |  3.3
Polearms       | 1 2 3 |  3.3
Staves         | 1 2 3 |  3.3
Slings         | 1 2 3 |  3.3
Bows           | 1 2 3 |  3.3
Crossbows      | 1 2 3 |  3.3
Throwing       | 1 2 3 |  3.3
Armour         | 1 2 3 |  3.3
Stealth        | 1 2 3 |  3.3
Shields        | 1 2 3 |  3.3
Evocations     | 1 2 3 |  3.3
Conjurations   | 1 2 |  2.7
Hexes          | 1 2 |  2.7
Charms         | 1 2 |  2.7
Summonings     | 1 2 |  2.7
Necromancy     | 1 2 |  2.7
Translocations | 1 2 |  2.7
Fire Magic     | 1 2 |  2.7
Ice Magic      | 1 2 |  2.7
Air Magic      | 1 2 |  2.7
Earth Magic    | 1 2 |  2.7
Poison Magic   | 1 2 |  2.7
Fighting       | 3 4 |  4.3
Transmutations | 4 |  4.7
Dodging        | 5 |  5.7
Unarmed Combat | 7 |  7.4

Action                   |  1- 3 |  4- 6 |  7- 9 || total
-------------------------+-------+-------+-------++-------
Melee: Unarmed           |   105 |   147 |   142 ||   394
       Bite              |     9 |     5 |     4 ||    18
       Headbutt          |     4 |       |       ||     4
       Punch             |     1 |     2 |     1 ||     4
 Cast: Beastly Appendage |     3 |       |       ||     3
       Sticks to Snakes  |     1 |     3 |     3 ||     7
       Spider Form       |       |     8 |     7 ||    15
       Ice Form          |       |       |     1 ||     1
Invok: Draw Destruction  |       |       |     5 ||     5
       Draw Escape       |       |       |     1 ||     1
       Draw Summoning    |       |       |     1 ||     1
  Use: Scroll            |       |    15 |     2 ||    17
       Potion            |       |       |     5 ||     5
 Stab: Sleeping          |     3 |     3 |     2 ||     8
  Eat: Chunk             |     1 |     6 |     5 ||    12
Armor: Robe              |    13 |    17 |     3 ||    33
       Skin              |       |     1 |    15 ||    16
Dodge: Dodged            |    60 |   154 |   141 ||   355

Table legend:
 A = Non-vault XP
 B = Vault XP
 C = Vault XP percentage of total XP
 D = Non-vault monster count
 E = Vault monster count
 F = Vault count percentage of total count
                 A         B        C        D         E       F
            +---------+---------+-------+---------+---------+-------
      Total |     824 |    1088 |  56.9 |      98 |      36 |  26.9
            +---------+---------+-------+---------+---------+-------
        D:1 |      45 |       0 |   0.0 |      23 |       0 |   0.0
        D:2 |      53 |       0 |   0.0 |      22 |       0 |   0.0
        D:3 |     109 |     222 |  67.1 |      27 |       5 |  15.6
        D:4 |     617 |     634 |  50.7 |      26 |       7 |  21.2
      Sewer |       0 |     232 | 100.0 |       0 |      24 | 100.0
            +---------+---------+-------+---------+---------+-------
